A- SE
DAYTONA TORTUGAS @ TAMPA TARPONS
06/04/2042
 
TOP OF THE 1ST
Daytona Tortugas batting - Pitching for Tampa Tarpons : LHP Chris Wynn
Pitching: LHP Chris Wynn
Batting: RHB Pete King 0-0: SINGLE (Groundball, 4S, EV 65.6 MPH) (infield hit)
Batting: RHB Greg Allison 0-0: Sac Bunt to 13 - play at first, batter OUT! 1-3
Pete King to second
Batting: LHB Zak O'Toole 0-0: Called Strike
Pete King steals 3rd base
0-1: Called Strike
0-2: Strikes out swinging
Batting: RHB Gene Glass 0-0: Called Strike
0-1: Foul Ball, location: 3FF
0-2: Foul Ball, location: 23FF
0-2: Ball
1-2: Ball
2-2: Strikes out swinging
Top of the 1st over - 0 runs, 1 hit, 0 errors, 1 left on base; Daytona 0 - Tampa 0
BOTTOM OF THE 1ST
Tampa Tarpons batting - Pitching for Daytona Tortugas : LHP Dan Martínez
Pitching: LHP Dan Martínez
Batting: RHB Pancho García 0-0: Ball
1-0: Called Strike
1-1: Swinging Strike
1-2: Foul Ball, location: 9LDF
1-2: Strikes out swinging
Batting: RHB José Silva 0-0: Ball
1-0: Ball
2-0: Foul Ball, location: 2F
2-1: Foul Ball, location: 9LDF
2-2: Strikes out looking
Batting: RHB Bob Gallagher 0-0: Foul Ball, location: 5FF
0-1: Foul Ball, location: 5F
0-2: Ball
1-2: Ball
2-2: Foul Ball, location: 5DF
2-2: Fly out, F2 (Popup, 23F, EV 84.4 MPH)
Bottom of the 1st over - 0 runs, 0 hits, 0 errors, 0 left on base; Daytona 0 - Tampa 0
TOP OF THE 2ND
Daytona Tortugas batting - Pitching for Tampa Tarpons : LHP Chris Wynn
Batting: LHB Steve Wolfe 0-0: Ball
1-0: Swinging Strike
1-1: Called Strike
1-2: Foul Ball, location: 2F
1-2: Ground out 4-3 (Groundball, 4, EV 107.5 MPH)
Batting: RHB Robinson García 0-0: Called Strike
0-1: Ball
1-1: Bunt for hit to P - play at first, batter OUT! 1-3
Batting: RHB Augusto Lerma 0-0: Called Strike
0-1: SINGLE (Flyball, 34D, EV 91.9 MPH)
Batting: RHB José Reyes 0-0: Fly out, F8 (Line Drive, 8LD, EV 89.4 MPH)
Top of the 2nd over - 0 runs, 1 hit, 0 errors, 1 left on base; Daytona 0 - Tampa 0
BOTTOM OF THE 2ND
Tampa Tarpons batting - Pitching for Daytona Tortugas : LHP Dan Martínez
Batting: RHB Hugh Johnstone 0-0: Fly out, F8 (Flyball, 8RD, EV 105.6 MPH)
Batting: RHB Héctor Brajo 0-0: Swinging Strike
0-1: Foul Ball, location: 9LDF
0-2: Strikes out swinging
Batting: LHB Freddy Guzmán 0-0: Ground out 6-3 (Groundball, 6, EV 82.5 MPH)
Bottom of the 2nd over - 0 runs, 0 hits, 0 errors, 0 left on base; Daytona 0 - Tampa 0
TOP OF THE 3RD
Daytona Tortugas batting - Pitching for Tampa Tarpons : LHP Chris Wynn
Batting: LHB Ernesto Pacheco 0-0: Ball
1-0: Ball
2-0: Foul Ball, location: 9LDF
2-1: Ground out 5-3 (Groundball, 56, EV 88.8 MPH)
Batting: RHB Pete King 0-0: Called Strike
0-1: Called Strike
0-2: SINGLE (Line Drive, 3D, EV 66.9 MPH)
Batting: RHB Greg Allison 0-0: Ball
1-0: Ball
2-0: Ball
3-0: Base on Balls
Pete King to second
Batting: LHB Zak O'Toole 0-0: Ball
1-0: Called Strike
1-1: Called Strike
1-2: Ball
2-2: Foul Ball, location: 5F
2-2: Strikes out swinging
Batting: RHB Gene Glass 0-0: Ball
1-0: Foul Ball, location: 9LSF
1-1: Ball
2-1: Ball
3-1: Foul Ball, location: 3SF
3-2: Fly out, F6 (Popup, 6M, EV 53.8 MPH)
Top of the 3rd over - 0 runs, 1 hit, 0 errors, 2 left on base; Daytona 0 - Tampa 0
BOTTOM OF THE 3RD
Tampa Tarpons batting - Pitching for Daytona Tortugas : LHP Dan Martínez
Pitching: RHP Kel Carlson
Batting: RHB Ludovic Pelletier 0-0: Called Strike
0-1: Called Strike
0-2: Strikes out swinging
Batting: RHB Jody Bernard 0-0: Ball
1-0: Swinging Strike
1-1: Foul Ball, location: 3SF
1-2: Ball
2-2: Ball
3-2: Foul Ball, location: 5SF
3-2: Foul Ball, location: 9LDF
3-2: Foul Ball, location: 2F
3-2: Fly out, F9 (Line Drive, 89D, EV 85.6 MPH)
Batting: RHB Jim Unknown 0-0: Fly out, F8 (Flyball, 89D, EV 80.0 MPH)
Bottom of the 3rd over - 0 runs, 0 hits, 0 errors, 0 left on base; Daytona 0 - Tampa 0
TOP OF THE 4TH
Daytona Tortugas batting - Pitching for Tampa Tarpons : LHP Chris Wynn
Batting: LHB Steve Wolfe 0-0: Ball
1-0: Ball
2-0: Ball
3-0: Called Strike
3-1: Fly out, F7 (Flyball, 7, EV 89.4 MPH)
Batting: RHB Robinson García 0-0: Called Strike
0-1: Ball
1-1: Ball
2-1: Foul Ball, location: 2F
2-2: Foul Ball, location: 9LSF
2-2: Ball
3-2: Strikes out swinging
Batting: RHB Augusto Lerma 0-0: Called Strike
0-1: Ball
1-1: Foul Ball, location: 9LDF
1-2: Strikes out looking
Top of the 4th over - 0 runs, 0 hits, 0 errors, 0 left on base; Daytona 0 - Tampa 0
BOTTOM OF THE 4TH
Tampa Tarpons batting - Pitching for Daytona Tortugas : RHP Kel Carlson
Batting: RHB Pancho García 0-0: Fly out, F4 (Popup, 4D, EV 58.1 MPH)
Batting: RHB José Silva 0-0: Ball
1-0: Called Strike
1-1: Ball
2-1: Ground out 4-3 (Groundball, 34, EV 101.9 MPH)
Batting: RHB Bob Gallagher 0-0: Ground out 6-3 (Groundball, 6MD, EV 80.0 MPH)
Bottom of the 4th over - 0 runs, 0 hits, 0 errors, 0 left on base; Daytona 0 - Tampa 0
TOP OF THE 5TH
Daytona Tortugas batting - Pitching for Tampa Tarpons : LHP Chris Wynn
Batting: RHB José Reyes 0-0: Ball
1-0: Foul Ball, location: 3F
1-1: Swinging Strike
1-2: Foul Ball, location: 3F
1-2: Strikes out swinging
Batting: LHB Ernesto Pacheco 0-0: Ball
1-0: Ball
2-0: Ground out 3-1 (Groundball, 34S, EV 85.6 MPH)
Batting: RHB Pete King 0-0: Called Strike
0-1: Swinging Strike
0-2: Ball
1-2: Ball
2-2: SOLO HOME RUN (Flyball, 7D, EV 97.5 MPH), Distance : 374 ft
Batting: RHB Greg Allison 0-0: Called Strike
0-1: Foul Ball, location: 9LSFF
0-2: Ball
1-2: Strikes out swinging
Top of the 5th over - 1 run, 1 hit, 0 errors, 0 left on base; Daytona 1 - Tampa 0
BOTTOM OF THE 5TH
Tampa Tarpons batting - Pitching for Daytona Tortugas : RHP Kel Carlson
Batting: RHB Hugh Johnstone 0-0: Foul Ball, location: 9LSFF
0-1: Ball
1-1: Ground out 3-1 (Groundball, 34S, EV 82.5 MPH)
Batting: RHB Héctor Brajo 0-0: Ball
1-0: Ball
2-0: Swinging Strike
2-1: Foul Ball, location: 5FF
2-2: Ball
3-2: Foul Ball, location: 2F
3-2: Base on Balls
Batting: LHB Freddy Guzmán 0-0: Ball
1-0: Ball
2-0: Foul Ball, location: 5F
2-1: Ball
3-1: Base on Balls
Héctor Brajo to second
Batting: RHB Ludovic Pelletier 0-0: Ball
1-0: Foul Ball, location: 9LDF
1-1: Ball
2-1: Ball
3-1: Called Strike
3-2: Foul Ball, location: 2F
3-2: Grounds into double play, 6-4-3 (Groundball, 6, EV 100.0 MPH)
Bottom of the 5th over - 0 runs, 0 hits, 0 errors, 1 left on base; Daytona 1 - Tampa 0
TOP OF THE 6TH
Daytona Tortugas batting - Pitching for Tampa Tarpons : LHP Chris Wynn
Batting: LHB Zak O'Toole 0-0: Called Strike
0-1: Swinging Strike
0-2: Ball
1-2: Foul Ball, location: 2F
1-2: Foul Ball, location: 23F
1-2: Ball
2-2: Strikes out swinging
Batting: RHB Gene Glass 0-0: Foul Ball, location: 3DF
0-1: Ball
1-1: Ball
2-1: Ball
3-1: Foul Ball, location: 25F
3-2: Strikes out swinging
Batting: LHB Steve Wolfe 0-0: Ball
1-0: Fly out, F8 (Flyball, 78M, EV 80.0 MPH)
Top of the 6th over - 0 runs, 0 hits, 0 errors, 0 left on base; Daytona 1 - Tampa 0
BOTTOM OF THE 6TH
Tampa Tarpons batting - Pitching for Daytona Tortugas : RHP Kel Carlson
Batting: RHB Jody Bernard 0-0: Ball
1-0: Foul Ball, location: 2F
1-1: Called Strike
1-2: Ball
2-2: Ball
3-2: Strikes out swinging
Batting: RHB Jim Unknown 0-0: Ball
1-0: Ball
2-0: Ball
3-0: Called Strike
3-1: Foul Ball, location: 2F
3-2: Foul Ball, location: 2F
3-2: Fly out, F8 (Line Drive, 78D, EV 85.6 MPH)
Batting: RHB Pancho García 0-0: Called Strike
0-1: Foul Ball, location: 3DF
0-2: SINGLE (Line Drive, 8RS, EV 92.5 MPH)
Batting: RHB José Silva 0-0: Fielders Choice at 2nd, 5-4 (Groundball, 56, EV 76.3 MPH)
Bottom of the 6th over - 0 runs, 1 hit, 0 errors, 1 left on base; Daytona 1 - Tampa 0
TOP OF THE 7TH
Daytona Tortugas batting - Pitching for Tampa Tarpons : LHP Chris Wynn
Batting: RHB Robinson García 0-0: Foul Ball, location: 2F
0-1: Ball
1-1: Ground out 3-1 (Groundball, 13, EV 86.9 MPH)
Batting: RHB Augusto Lerma 0-0: SINGLE (Groundball, 5D, EV 109.4 MPH)
Batting: RHB José Reyes 0-0: Grounds into double play, 6-4-3 (Groundball, 6, EV 103.1 MPH)
Top of the 7th over - 0 runs, 1 hit, 0 errors, 0 left on base; Daytona 1 - Tampa 0
BOTTOM OF THE 7TH
Tampa Tarpons batting - Pitching for Daytona Tortugas : RHP Kel Carlson
Batting: RHB Bob Gallagher 0-0: Ground out 4-3 (Groundball, 4, EV 92.5 MPH)
Batting: RHB Hugh Johnstone 0-0: Ball
1-0: Called Strike
1-1: Ground out 4-3 (Groundball, 4, EV 100.6 MPH)
Batting: RHB Héctor Brajo 0-0: Foul Ball, location: 7LMF
0-1: Foul Ball, location: 2F
0-2: Ball
1-2: Foul Ball, location: 7LDF
1-2: Ball
2-2: Ground out 6-3 (Groundball, 6, EV 86.3 MPH)
Bottom of the 7th over - 0 runs, 0 hits, 0 errors, 0 left on base; Daytona 1 - Tampa 0
TOP OF THE 8TH
Daytona Tortugas batting - Pitching for Tampa Tarpons : LHP Chris Wynn
Batting: LHB Ernesto Pacheco 0-0: Ball
1-0: Ball
2-0: Ball
3-0: Called Strike
3-1: Swinging Strike
3-2: Strikes out swinging
Batting: RHB Pete King 0-0: Ball
1-0: Ball
2-0: Ball
3-0: Base on Balls
Pitching: RHP Jim Unknown
Batting: RHB Greg Allison 0-0: Ball
1-0: Ball
2-0: Ball
3-0: Base on Balls
Pete King to second
Batting: LHB Zak O'Toole 0-0: Swinging Strike
0-1: Foul Ball, location: 2F
0-2: Ball
1-2: Foul Ball, location: 9LSF
1-2: Foul Ball, location: 2F
1-2: Fielders Choice at 2nd, 3-6 (Groundball, 3, EV 101.3 MPH)
Pete King to third
Batting: RHB Gene Glass 0-0: Ground out 4-3 (Groundball, 34, EV 101.3 MPH)
Top of the 8th over - 0 runs, 0 hits, 0 errors, 2 left on base; Daytona 1 - Tampa 0
BOTTOM OF THE 8TH
Tampa Tarpons batting - Pitching for Daytona Tortugas : RHP Kel Carlson
Pitching: RHP Jim Unknown
Batting: LHB Freddy Guzmán 0-0: Foul Ball, location: 3F
0-1: Swinging Strike
0-2: Ball
1-2: Ground out U3 (Groundball, 3L, EV 86.9 MPH)
Pinch Hitting: SHB Rolf Crumlin 0-0: SINGLE (Line Drive, 4MD, EV 100.6 MPH)
Batting: RHB Jody Bernard 0-0: Ball
1-0: Called Strike
1-1: Ball
2-1: Ball
3-1: Base on Balls
Rolf Crumlin to second
Pinch Hitting: RHB Lou Smith 0-0: Swinging Strike
0-1: Ball
1-1: Ball
2-1: DOUBLE (Flyball, 78D, EV 98.8 MPH)
Rolf Crumlin scores
Jody Bernard to third
Runner from 3rd tries for Home, SAFE, throw by LF to home
Batting: RHB Pancho García 0-0: Foul Ball, location: 3SF
0-1: Swinging Strike
0-2: Ball
Wild Pitch!
Lou Smith to third
1-2: Ball
2-2: Ball
3-2: Base on Balls
Batting: RHB José Silva 0-0: Ball
1-0: Ball
2-0: Ball
Pancho García is caught stealing 2nd base 2-4
3-0: Called Strike
3-1: Foul Ball, location: 23FF
3-2: Ground out 6-3 (Groundball, 6, EV 104.4 MPH)
Bottom of the 8th over - 2 runs, 2 hits, 0 errors, 1 left on base; Daytona 1 - Tampa 2
TOP OF THE 9TH
Daytona Tortugas batting - Pitching for Tampa Tarpons : RHP Jim Unknown
Now at C: Jim Unknown
Now at SS: José Padino
Batting: LHB Steve Wolfe 0-0: Ball
1-0: Foul Ball, location: 2F
1-1: Foul Ball, location: 5F
1-2: Ball
2-2: Foul Ball, location: 2F
2-2: Strikes out swinging, 2-3 out at first.
Pinch Hitting: LHB Julián Zamora 0-0: Ball
1-0: Ball
2-0: Called Strike
2-1: SINGLE (Line Drive, 56, EV 98.8 MPH)
Pinch Hitting: SHB Jim Unknown 0-0: SINGLE (Line Drive, 34, EV 98.1 MPH)
Julián Zamora to second
Runner from 2nd tries for 3rd, SAFE, throw by RF made to third
Batting: LHB Brad Jones 0-0: Ball
1-0: Ball
2-0: Foul Ball, location: 7LSF
2-1: Foul Ball, location: 2F
2-2: Fly out, F1 (Line Drive, P, EV 74.4 MPH)
Lined into DP, 1-3 (Line Drive, P, EV 74.4 MPH)
Top of the 9th over - 0 runs, 2 hits, 0 errors, 1 left on base; Daytona 1 - Tampa 2
Friday, May 3rd , 2024 - OOTP Baseball 24.10 Build 82